 Dungeon Crawl Stone Soup version 0.23.2-33-g5129a83184 (webtiles) character file.

Game seed: 342324456196403757

143460 t4s4d4r the Thaumaturge (level 17, -10/133 HPs)
             Began as a Gnoll Skald on July 12, 2019.
             Was an Initiate of Gozag.
             Killed from afar by Nikola (26 damage)
             ... with a chain lightning
             ... on level 1 of the Snake Pit.
             The game lasted 01:34:28 (33087 turns).

t4s4d4r the Thaumaturge (Gnoll Skald)              Turns: 33087, Time: 01:34:30

Health: -10/133    AC: 25    Str: 16    XL:     17   Next: 37%
Magic:  33/33      EV: 18    Int: 24    God:    Gozag
Gold:   2103       SH:  8    Dex: 18    Spells: 22/40 levels left

rFire    + + +     SeeInvis +   a - +9 trident (freeze)
rCold    . . .     Gourm    .   f - +1 buckler {reflect}
rNeg     . . .     Faith    .   l - +8 scale mail of Ulagalan {*Drain rPois rF+++ MR+}
rPois    +         Spirit   .   A - +0 helmet {SInv}
rElec    .         Reflect  +   n - +2 cloak
rCorr    .         Harm     .   (no gloves)
MR       ++...                  (no boots)
Stlth    +++++.....             R - amulet of regeneration
HPRegen  0.72/turn              o - ring "Tal Mocwo" {rF+ AC+3 Int+4 Dex+3 Slay+2, tal macwo is my god}
MPRegen  0.23/turn              B - ring of stealth

@: lethally poisoned (-10 -> -10), gold aura
A: distributed training, fangs 1, strong nose
a: Potion Petition, Call Merchant, Bribe Branch, Renounce Religion


You were on level 1 of the Snake Pit.
You worshipped Gozag.
Gozag was most pleased with you.
You were not hungry.

You visited 5 branches of the dungeon, and saw 25 of its levels.
You also visited: Bailey.

You collected 10379 gold pieces.
You spent 4683 gold pieces at shops.
You paid 3593 gold pieces to Gozag.

Inventory:

Hand Weapons
 a - a +9 trident of freezing (weapon)
 J - a +0 bardiche of holy wrath
Missiles
 k - 509 stones (quivered)
 x - 11 javelins
 z - 3 throwing nets
Armour
 f - a +1 buckler of reflection (worn)
 l - the +8 scale mail of Ulagalan (worn) {*Drain rPois rF+++ MR+}
   (You found it on level 6 of the Lair of Beasts)

   It renders you almost immune to fire.
   It protects you from poison.
   It affects your resistance to hostile enchantments.
   It causes draining when unequipped.
 n - a +2 cloak (worn)
 A - a +0 helmet of see invisible (worn)
 U - the +1 pair of gloves of Inviolability {MR+ rCorr Int-5}
   (You found it on level 2 of the Lair of Beasts)

   It affects your intelligence (-5).
   It affects your resistance to hostile enchantments.
   It provides partial protection from all sources of acid and corrosion.
Magical Staves
 b - an uncursed staff of wizardry
Jewellery
 o - the ring "Tal Mocwo" (left hand) {rF+ AC+3 Int+4 Dex+3 Slay+2, tal macwo is my god}
   (You found it on level 5 of the Lair of Beasts)

   [ring of protection]

   It affects your AC (+3).
   It affects your intelligence (+4).
   It affects your dexterity (+3).
   It affects your accuracy and damage with ranged weapons and melee attacks
   (+2).
   It protects you from fire.
 B - a ring of stealth (right hand)
 D - an uncursed ring of protection from fire
 R - an amulet of regeneration (around neck)
 T - an uncursed ring of positive energy
Wands
 w - a wand of digging (12)
 G - a wand of paralysis (9)
 K - a wand of disintegration (38)
 N - a wand of scattershot (4)
 P - a wand of enslavement (30)
 Q - a wand of acid (11)
 W - a wand of clouds (3)
 X - a wand of iceblast (5)
Scrolls
 e - 6 scrolls of teleportation
 h - 12 scrolls of remove curse
 i - 3 scrolls of fog
 j - 6 scrolls of magic mapping
 m - 7 scrolls of amnesia
 p - 7 scrolls of fear
 q - a scroll of enchant weapon
 r - 3 scrolls of immolation
 H - 4 scrolls of blinking
 M - 2 scrolls of summoning
 V - 2 scrolls of identify
 Y - a scroll of silence
 Z - 2 scrolls of holy word
Potions
 c - a potion of ambrosia
 g - 6 potions of brilliance
 s - 3 potions of agility
 t - 3 potions of resistance
 u - 2 potions of heal wounds
 v - 5 potions of flight
 C - a potion of invisibility
 E - 3 potions of haste
 F - 3 potions of berserk rage
 I - 2 potions of mutation
 L - 8 potions of curing
 S - 5 potions of might
Miscellaneous
 y - a box of beasts
 O - 2 sacks of spiders
Comestibles
 d - 32 rations


   Skills:
 + Level 12.1 Fighting
 + Level 11.3 Short Blades
 + Level 11.3 Long Blades
 + Level 11.3 Axes
 + Level 11.3 Maces & Flails
 + Level 12.1 Polearms
 + Level 11.3 Staves
 + Level 11.3 Slings
 + Level 11.3 Bows
 + Level 11.3 Crossbows
 + Level 11.3 Throwing
 + Level 11.5 Armour
 + Level 12.1 Dodging
 + Level 11.3 Stealth
 + Level 11.3 Shields
 + Level 11.3 Unarmed Combat
 + Level 12.2 Spellcasting
 + Level 9.6 Conjurations
 + Level 9.6 Hexes
 + Level 11.0 Charms
 + Level 9.6 Summonings
 + Level 9.6 Necromancy
 + Level 9.6 Translocations
 + Level 9.6 Transmutations
 + Level 9.6 Fire Magic
 + Level 9.6 Ice Magic
 + Level 9.6 Air Magic
 + Level 9.6 Earth Magic
 + Level 9.6 Poison Magic
 + Level 12.2 Invocations
 + Level 11.3 Evocations


You had 22 spell levels left.
You knew the following spells:

 Your Spells              Type           Power        Failure   Level  Hunger
a - Infusion              Chrm           ####         1%          1    None
b - Shroud of Golubria    Chrm/Tloc      ######....   1%          2    None
c - Spectral Weapon       Hex/Chrm       ######..     1%          3    None
d - Regeneration          Chrm/Necr      ######....   1%          3    None
e - Song of Slaying       Chrm           ######..     1%          2    None
f - Confusing Touch       Hex            ######       1%          1    None
g - Swiftness             Chrm/Air       ######..     1%          2    None
h - Passage of Golubria   Tloc           N/A          2%          4    None

Your spell library contained the following spells:

 Spells                   Type           Power        Failure   Level  Hunger
 Ensorcelled Hibernation  Hex/Ice        ######       1%          2    None
 Passwall                 Tmut/Erth      ######..     1%          2    None
 Confuse                  Hex            ######..     1%          3    None
 Gell's Gravitas          Tloc           ######....   1%          3    None
 Inner Flame              Hex/Fire       ######..     1%          3    None
 Cause Fear               Hex            ######....   2%          4    None
 Petrify                  Tmut/Erth      ######..     2%          4    None
 Iskenderun's Battlesphe  Conj/Chrm      ######..     4%          5    ###....
 Bolt of Magma            Conj/Fire/Erth ######....   6%          5    ###....
 Lee's Rapid Deconstruct  Erth           ######....   6%          5    ###....
 Metabolic Englaciation   Hex/Ice        ######....   6%          5    ###....
 Venom Bolt               Conj/Pois      ######....   6%          5    ###....
 Yara's Violent Unravell  Hex/Tmut       ######....   6%          5    ###....
 Darkness                 Hex            ######....   32%         6    #####..
 Invisibility             Hex            ######..     32%         6    #####..
 Iron Shot                Conj/Erth      ######....   32%         6    #####..
 Orb of Destruction       Conj           ######....   88%         7    ######.
 Spellforged Servitor     Conj/Summ      ######....   88%         7    ######.


Dungeon Overview and Level Annotations

Branches:
Dungeon (15/15)            Temple (1/1) D:6            Lair (6/6) D:10
  Swamp (0/4) Lair:3        Snake (1/4) Lair:4        Slime (0/5) Lair:6
    Orc (2/2) D:9             Elf (0/3) Orc:2        Vaults (0/5) D:14
 Depths (0/5) D:15

Altars:
Ashenzari
Cheibriados
Dithmenos
Elyvilon
Fedhas
Gozag
Hepliaklqana
Kikubaaqudgha
Makhleb
Nemelex Xobeh
Okawaru
Qazlal
Ru
Sif Muna
Trog
Uskayaw
Vehumet
Wu Jian
Xom
Yredelemnul
Zin
The Shining One

Shops:
D:9 [*(   D:13 [   Orc:2 ?***(![   Snake:1 =

Annotations:
D:7 1 runed translucent door, Gildeon's ghost, novice GrEE
D:8 Harold
D:13 3 runed translucent doors
D:14 3 runed translucent doors, Terandir's ghost, journeyman MiFi
Snake:1 Asterion; Nikola


Innate Abilities, Weirdness & Mutations

Your experience applies equally to all skills.
You have very sharp teeth.
Your uncanny sense of smell can sniff out nearby items.


Message History

Nikola is heavily wounded.
Nikola is engulfed in acidic fog.
Nikola is splashed with acid.
The acid corrodes Nikola!
Unknown command.
Evoke which item? (* to show all) (? for menu, Esc to quit)
Aiming: Iceblast
Press: ? - help, Shift-Dir - straight line The mass of ice explodes!
The iceblast engulfs Nikola!
Nikola is heavily wounded.
Nikola is engulfed in acidic fog.
Nikola is splashed with acid.
The acid corrodes Nikola!
Nikola casts a spell.
You hear a mighty clap of thunder!
The lightning arc hits you!!
The lightning arc hits Nikola!
The lightning arc hits you!!
The lightning arc hits Nikola.
The lightning arc hits you!!
* * * LOW HITPOINT WARNING * * *
The lightning arc hits Nikola!
The lightning arc hits you!!
You die...
Your body crumbles into a pile of gold.

######################
..............##.....#
..............##.....#
..^...........##.....#
..............##.....# .^...
...........∩..##.>...# .....
###...........##@§§..# ......
####..........##.§○$^## .....
..##..........##.§§@..#####...#
..##..........##§§§§§.........#
..##..........##§§§§§§........#
........########..(......$....#
........########..........N(..#
........[.....##......#########
###...........##.....######


You could see Nikola.

Vanquished Creatures
  Kirke (D:14)
  Aizul (Snake:1)
  A stone giant (Orc:2)
  Azrael (D:12)
  A dire elephant (D:15)
  Snorg (D:11)
  2 fire dragons
  Erolcha (D:9)
  4 vault guards
  4 naga warriors (Snake:1)
  12 hydras
  2 catoblepae
  15 two-headed ogres
  2 centaur warriors
  2 anacondas (Snake:1)
  5 ogre magi
  3 tengu warriors
  6 death yaks
  An orc high priest (Orc:1)
  3 naga sharpshooters (Snake:1)
  Urug (D:11)
  A shock serpent (Snake:1)
  6 unseen horrors
  A flayed ghost (D:13)
  A wolf spider zombie (D:15)
  A wizard (D:12)
  3 lindwurms (Lair:6)
  A salamander (Snake:1)
  5 orc knights
  A wolf spider (D:15)
  4 deep elf magi
  23 ugly things
  4 orc sorcerers (Orc:1)
  6 cyclopes
  2 salamanders (shapeshifter) (D:14)
  3 manticores
  Maurice (D:12)
  2 naga magi (Snake:1)
  9 black mambas
  A guardian serpent (Snake:1)
  12 elephants
  Psyche (D:12)
  3 gargoyles
  7 torpor snails
  13 spiny frogs
  A kobold demonologist (D:8)
  2 rime drakes (Lair:6)
  A freezing wraith (D:15)
  A yaktaur (D:13)
  2 efreet
  9 komodo dragons
  3 meliai (Lair:5)
  6 trolls
  A harpy zombie (D:14)
  3 polar bears
  A wind drake (shapeshifter) (D:13)
  6 hornets (Lair:6)
  4 tyrant leeches (Lair:6)
  10 slime creatures
  A queen bee (Lair:5)
  22 blink frogs
  2 dream sheep (Lair:6)
  11 hippogriffs
  A bog body (Lair:3)
  A centaur simulacrum (D:13)
  A shadow (D:12)
  2 water elementals (D:15)
  5 wyverns
  Eustachio (D:5)
  7 hogs
  80 yaks
  A wraith (D:12)
  2 basilisks
  3 fire elementals (D:12)
  A steam dragon (D:10)
  A human (D:9)
  4 hungry ghosts
  6 vampire mosquitoes
  12 nagas
  2 acid dragons
  2 wargs (Orc:1)
  7 soldier ants (Lair:3)
  Edmund (D:4)
  4 hell hounds (D:12)
  14 water moccasins
  8 porcupines
  2 black bears
  16 orc warriors
  An ice beast (D:11)
  An eye of draining (D:13)
  5 sky beasts
  4 necrophages
  4 phantoms
  26 ogres
  11 centaurs
  5 wolves
  15 crocodiles
  9 big kobolds
  20 bullfrogs
  A wyvern skeleton (D:14)
  6 scorpions
  29 killer bees
  6 wights
  2 howler monkeys
  An electric eel (D:12)
  6 crimson imps
  3 centaur zombies
  2 quasits
  4 hounds
  5 jellies
  2 bullfrog skeletons
  10 orc priests
  24 orc wizards
  7 centaur skeletons
  2 iguanas (D:4)
  30 worker ants
  2 hound zombies
  A howler monkey skeleton (D:8)
  13 adders
  6 shadow imps
  An ooze (D:2)
  2 adder zombies (D:9)
  An adder skeleton (D:4)
  4 worms
  A dart slug (D:1)
  4 leopard geckos
  71 orcs
  7 bats
  11 giant cockroaches
  13 hobgoblins
  10 jackals
  5 quokkas
  2 ball pythons
  3 frilled lizards
  10 goblins
  32 kobolds
  7 kobold skeletons (D:8)
  11 kobold zombies (D:8)
  A quokka skeleton (D:5)
  6 rats
  A plant (Lair:6)
  A spectral weapon (Snake:1)
917 creatures vanquished.

Vanquished Creatures (collateral kills)
  Nessos (Lair:4)
  A porcupine (Lair:4)
2 creatures vanquished.

Vanquished Creatures (others)
  A cyclops (D:15)
  A centaur (D:14)
  An orc (D:9)
  4 kobolds (Bailey)
  40 fungi
  16 plants
  38 spectral weapons
101 creatures vanquished.

Grand Total: 1020 creatures vanquished

Notes
Turn   | Place    | Note
-------+----------+-------------------------------------------
     0 | D:1      | t4s4d4r the Gnoll Skald began the quest for the Orb.
     0 | D:1      | Reached XP level 1. HP: 20/20 MP: 6/6
    99 | D:1      | Reached XP level 2. HP: 23/26 MP: 7/7
   506 | D:2      | Reached XP level 3. HP: 23/31 MP: 9/9
   552 | D:2      | Learned a level 2 spell: Shroud of Golubria
   556 | D:2      | Learned a level 3 spell: Spectral Weapon
   560 | D:2      | Learned a level 3 spell: Regeneration
   563 | D:2      | Learned a level 2 spell: Song of Slaying
   594 | D:2      | Reached skill level 5 in Spellcasting
   612 | D:2      | Reached skill level 1 in Invocations
   914 | D:2      | Reached skill level 1 in Short Blades
   914 | D:2      | Reached skill level 1 in Long Blades
   914 | D:2      | Reached skill level 1 in Axes
   914 | D:2      | Reached skill level 1 in Maces & Flails
   914 | D:2      | Reached skill level 1 in Staves
   914 | D:2      | Reached skill level 1 in Slings
   914 | D:2      | Reached skill level 1 in Bows
   914 | D:2      | Reached skill level 1 in Crossbows
   914 | D:2      | Reached skill level 1 in Throwing
   914 | D:2      | Reached skill level 1 in Stealth
   914 | D:2      | Reached skill level 1 in Shields
   914 | D:2      | Reached skill level 1 in Unarmed Combat
   914 | D:2      | Reached skill level 1 in Evocations
   914 | D:2      | Reached XP level 4. HP: 38/38 MP: 0/11
   937 | D:1      | Reached skill level 1 in Conjurations
   937 | D:1      | Reached skill level 1 in Hexes
   937 | D:1      | Reached skill level 1 in Summonings
   937 | D:1      | Reached skill level 1 in Necromancy
   937 | D:1      | Reached skill level 1 in Translocations
   937 | D:1      | Reached skill level 1 in Transmutations
   937 | D:1      | Reached skill level 1 in Fire Magic
   937 | D:1      | Reached skill level 1 in Ice Magic
   937 | D:1      | Reached skill level 1 in Air Magic
   937 | D:1      | Reached skill level 1 in Earth Magic
   937 | D:1      | Reached skill level 1 in Poison Magic
  1322 | D:2      | Reached XP level 5. HP: 41/43 MP: 12/12
  1414 | D:2      | Found a glowing silver altar of Zin.
  2199 | D:3      | Reached XP level 6. HP: 50/50 MP: 9/13
  2428 | D:4      | Found a bloodstained altar of Trog.
  2444 | D:4      | Reached skill level 5 in Fighting
  2444 | D:4      | Reached skill level 5 in Polearms
  2444 | D:4      | Reached skill level 5 in Dodging
  2546 | D:4      | Noticed a phantom
  2555 | D:4      | Killed a phantom
  2555 | D:4      | Reached XP level 7. HP: 51/56 MP: 7/15
  2934 | D:5      | Entered Level 5 of the Dungeon
  3300 | D:5      | Reached XP level 8. HP: 36/63 MP: 11/16
  3369 | D:5      | Noticed Edmund
  3373 | D:5      | Noticed Eustachio
  3395 | D:4      | Killed Edmund
  3413 | D:5      | Killed Eustachio
  3687 | D:5      | Noticed a yak
  3688 | D:5      | Noticed a yak
  3689 | D:5      | Noticed a yak
  3711 | D:5      | Killed a yak
  3745 | D:4      | Killed a yak
  3852 | D:4      | Killed a yak
  3852 | D:4      | Reached XP level 9. HP: 62/69 MP: 13/18
  3917 | D:5      | Found a sacrificial altar of Ru.
  4145 | D:6      | Found a deep blue altar of Sif Muna.
  4255 | D:6      | Found a staircase to the Ecumenical Temple.
  4384 | D:6      | Found a snail-covered altar of Cheibriados.
  4617 | D:6      | Found an iron altar of Okawaru.
  4670 | Temple   | Entered the Ecumenical Temple
  5267 | D:7      | Reached skill level 5 in Armour
  6444 | D:7      | Found a runed translucent door.
  6444 | D:7      | Noticed Gildeon's ghost (novice GrEE)
  6574 | D:8      | Reached skill level 5 in Invocations
  6777 | D:8      | Reached XP level 10. HP: 66/77 MP: 15/20
  6955 | D:8      | Found a shadowy altar of Dithmenos.
  6956 | D:8      | Found a hide-covered altar of Uskayaw.
  6962 | D:8      | Found a blossoming altar of Fedhas.
  6963 | D:8      | Found an ornate altar of the Wu Jian Council.
  6964 | D:8      | Found an opulent altar of Gozag.
  6964 | D:8      | Found a radiant altar of Vehumet.
  6965 | D:8      | Found a white marble altar of Elyvilon.
  6972 | D:8      | Became a worshipper of Gozag Ym Sagoz the Greedy
  7149 | D:8      | Noticed Harold
  7384 | D:8      | Reached skill level 5 in Short Blades
  7384 | D:8      | Reached skill level 5 in Long Blades
  7384 | D:8      | Reached skill level 5 in Axes
  7384 | D:8      | Reached skill level 5 in Maces & Flails
  7384 | D:8      | Reached skill level 5 in Staves
  7384 | D:8      | Reached skill level 5 in Slings
  7384 | D:8      | Reached skill level 5 in Bows
  7384 | D:8      | Reached skill level 5 in Crossbows
  7384 | D:8      | Reached skill level 5 in Throwing
  7384 | D:8      | Reached skill level 5 in Stealth
  7384 | D:8      | Reached skill level 5 in Shields
  7384 | D:8      | Reached skill level 5 in Unarmed Combat
  7384 | D:8      | Reached skill level 5 in Evocations
  7703 | D:8      | Noticed a kobold demonologist
  7711 | D:8      | Killed a kobold demonologist
  7758 | D:8      | Found an ancient bone altar of Kikubaaqudgha.
  9367 | D:8      | HP: 3/79 [hog (1)]
  9375 | D:8      | Reached XP level 11. HP: 10/84 MP: 9/22
  9787 | D:9      | Found a staircase to the Orcish Mines.
  9790 | D:9      | Learned a level 1 spell: Confusing Touch
  9866 | D:9      | Found an ancient bone altar of Kikubaaqudgha.
  9890 | D:9      | Noticed a two-headed ogre
 10123 | D:10     | Entered Level 10 of the Dungeon
 10123 | D:10     | Noticed Erolcha
 10270 | D:9      | HP: 4/84 [killer bee (2)]
 10798 | D:10     | Reached skill level 5 in Conjurations
 10798 | D:10     | Reached skill level 5 in Hexes
 10798 | D:10     | Reached skill level 5 in Summonings
 10798 | D:10     | Reached skill level 5 in Necromancy
 10798 | D:10     | Reached skill level 5 in Translocations
 10798 | D:10     | Reached skill level 5 in Transmutations
 10798 | D:10     | Reached skill level 5 in Fire Magic
 10798 | D:10     | Reached skill level 5 in Ice Magic
 10798 | D:10     | Reached skill level 5 in Air Magic
 10798 | D:10     | Reached skill level 5 in Earth Magic
 10798 | D:10     | Reached skill level 5 in Poison Magic
 11649 | D:9      | Bought a ration for 60 gold pieces
 11649 | D:9      | Bought a ration for 60 gold pieces
 11649 | D:9      | Bought a ration for 60 gold pieces
 11649 | D:9      | Bought a ration for 60 gold pieces
 11649 | D:9      | Bought a ration for 60 gold pieces
 11649 | D:9      | Bought a ration for 60 gold pieces
 11649 | D:9      | Bought a ration for 60 gold pieces
 11702 | D:9      | HP: 4/85 [poisoned by a killer bee]
 12773 | D:10     | Found a staircase to the Lair.
 13038 | D:11     | Noticed Snorg
 14436 | D:11     | Reached XP level 12. HP: 48/93 MP: 24/24
 14667 | D:11     | Noticed Urug
 14695 | D:11     | Killed Urug
 15253 | D:12     | Noticed Azrael
 15467 | D:12     | Noticed a four-headed hydra
 15746 | D:12     | Noticed a six-headed hydra
 15765 | D:12     | Killed a six-headed hydra
 16021 | D:12     | Noticed Maurice
 16159 | Lair:1   | Entered Level 1 of the Lair of Beasts
 16159 | Lair:1   | Noticed a five-headed hydra
 16169 | Lair:1   | Killed a five-headed hydra
 17899 | Lair:2   | Reached XP level 13. HP: 67/101 MP: 23/26
 18701 | Lair:2   | Got a pair of dazzling gloves
 18847 | Lair:2   | Identified the +1 pair of gloves of Inviolability {MR+
                  | rCorr Int-5} (You found it on level 2 of the Lair of
                  | Beasts)
 19412 | Lair:2   | HP: 1/101 [something (7)]
 19752 | Lair:3   | Found a staircase to the Swamp.
 20840 | Lair:4   | Noticed Nessos
 20851 | Lair:4   | Killed Nessos
 21274 | Lair:4   | Found a staircase to the Snake Pit.
 21508 | Lair:4   | Reached skill level 10 in Spellcasting
 21558 | Lair:5   | Reached XP level 14. HP: 97/109 MP: 26/28
 21923 | Lair:5   | Got an ancient silver ring
 22122 | Lair:5   | Reached skill level 10 in Fighting
 22122 | Lair:5   | Reached skill level 10 in Polearms
 22122 | Lair:5   | Reached skill level 10 in Dodging
 22585 | Lair:5   | Identified the ring "Tal Mocwo" {rF+ AC+3 Int+4 Dex+3
                  | Slay+2} (You found it on level 5 of the Lair of Beasts)
 22607 | Lair:6   | Entered Level 6 of the Lair of Beasts
 22778 | Lair:6   | Got an ichor-stained scale mail
 22828 | Lair:6   | Found a staircase to the Slime Pits.
 23127 | Lair:6   | Identified the +8 scale mail of Ulagalan {*Drain rPois
                  | rF+++ MR+} (You found it on level 6 of the Lair of Beasts)
 23273 | Lair:6   | Found a runed translucent door.
 23418 | Lair:6   | Reached skill level 10 in Invocations
 24509 | Lair:6   | Reached XP level 15. HP: 111/117 MP: 21/29
 24737 | Lair:6   | Reached skill level 10 in Armour
 25354 | D:12     | Killed Maurice
 25356 | D:12     | Noticed Psyche
 25363 | D:12     | Killed Psyche
 25608 | D:12     | Killed Azrael
 26005 | D:11     | Killed Snorg
 26005 | D:11     | Reached skill level 10 in Charms
 26053 | Orc:1    | Entered Level 1 of the Orcish Mines
 26575 | Orc:2    | Entered Level 2 of the Orcish Mines
 26583 | Orc:2    | Reached skill level 10 in Short Blades
 26583 | Orc:2    | Reached skill level 10 in Long Blades
 26583 | Orc:2    | Reached skill level 10 in Axes
 26583 | Orc:2    | Reached skill level 10 in Maces & Flails
 26583 | Orc:2    | Reached skill level 10 in Staves
 26583 | Orc:2    | Reached skill level 10 in Slings
 26583 | Orc:2    | Reached skill level 10 in Bows
 26583 | Orc:2    | Reached skill level 10 in Crossbows
 26583 | Orc:2    | Reached skill level 10 in Throwing
 26583 | Orc:2    | Reached skill level 10 in Stealth
 26583 | Orc:2    | Reached skill level 10 in Shields
 26583 | Orc:2    | Reached skill level 10 in Unarmed Combat
 26583 | Orc:2    | Reached skill level 10 in Evocations
 26641 | Orc:2    | Found Asmib's Assorted Antiques.
 26641 | Orc:2    | Found Zugiaxirgh's Magic Scroll Shoppe.
 26668 | Orc:2    | Found Ytithy's Assorted Antiques.
 26668 | Orc:2    | Found Mecypego's General Store.
 27185 | Orc:2    | Found Xayma's Weapon Shop.
 27354 | Orc:2    | Bought a scroll of summoning for 123 gold pieces
 27354 | Orc:2    | Bought a scroll of identify for 26 gold pieces
 27354 | Orc:2    | Bought a ration for 65 gold pieces
 27355 | Orc:2    | Bought a scroll of blinking for 247 gold pieces
 27355 | Orc:2    | Bought a scroll of blinking for 247 gold pieces
 27355 | Orc:2    | Bought a scroll of teleportation for 99 gold pieces
 27355 | Orc:2    | Bought a scroll of remove curse for 99 gold pieces
 27355 | Orc:2    | Bought a potion of brilliance for 132 gold pieces
 27355 | Orc:2    | Bought a potion of curing for 99 gold pieces
 27357 | Orc:2    | Bought 3 scrolls of fear for 262 gold pieces
 27357 | Orc:2    | Bought a scroll of identify for 50 gold pieces
 27357 | Orc:2    | Bought a potion of heal wounds for 125 gold pieces
 27357 | Orc:2    | Bought a scroll labeled FECKUN JEICZEE for 25 gold pieces
 27357 | Orc:2    | Bought a scroll of identify for 50 gold pieces
 27358 | Orc:2    | Bought a scroll of teleportation for 39 gold pieces
 27358 | Orc:2    | Bought a scroll of holy word for 97 gold pieces
 27358 | Orc:2    | Bought a scroll of holy word for 97 gold pieces
 27358 | Orc:2    | Bought a scroll of enchant armour for 97 gold pieces
 27358 | Orc:2    | Bought a scroll of teleportation for 39 gold pieces
 27439 | Orc:2    | Found Dinejeax's Distillery.
 27447 | Orc:2    | Bought a potion of agility for 64 gold pieces
 27447 | Orc:2    | Bought a potion of brilliance for 64 gold pieces
 27447 | Orc:2    | Bought a potion of resistance for 160 gold pieces
 27447 | Orc:2    | Bought a potion of heal wounds for 80 gold pieces
 27447 | Orc:2    | Bought 2 potions of curing for 96 gold pieces
 27447 | Orc:2    | Bought a potion of curing for 48 gold pieces
 27447 | Orc:2    | Bought a potion of might for 64 gold pieces
 27498 | Orc:2    | Found a staircase to the Elven Halls.
 27514 | Orc:2    | Found Wyxte's Armour Shop.
 27523 | Orc:2    | Bought a +0 helmet of intelligence for 172 gold pieces
 27839 | Orc:1    | Reached XP level 16. HP: 125/125 MP: 31/31
 27954 | D:9      | Bought a +1 buckler of reflection for 202 gold pieces
 27998 | Orc:2    | Bought a hardcover book for 375 gold pieces
 27998 | Orc:2    | Bought a conspicuous book for 375 gold pieces
 28001 | Orc:2    | Learned a level 2 spell: Swiftness
 28006 | Orc:2    | Learned a level 4 spell: Passage of Golubria
 28183 | D:9      | Bought a scroll of teleportation for 48 gold pieces
 28183 | D:9      | Bought a +0 helmet of see invisible for 184 gold pieces
 28394 | D:9      | Killed Erolcha
 28894 | D:13     | Found a runed translucent door.
 28896 | D:13     | Noticed a tengu reaver
 28898 | D:13     | Found a runed translucent door.
 28898 | D:13     | Noticed a storm dragon
 28898 | D:13     | Noticed a tengu reaver
 29008 | D:13     | Found a runed translucent door.
 29260 | D:13     | Found Darchita's Antique Armour Emporium.
 29270 | D:13     | Bought a spiked chain mail for 313 gold pieces
 29270 | D:13     | Identified the +0 chain mail "Guoskunk" {+Inv Str+4 Int+4
                  | Stlth+} (You bought it in a shop on level 13 of the
                  | Dungeon)
 29328 | D:14     | Noticed Kirke
 29354 | D:14     | Killed Kirke
 29468 | D:14     | Found a runed translucent gate.
 29469 | D:14     | Found a runed translucent gate.
 29470 | D:14     | Found a runed translucent gate.
 29472 | D:14     | Noticed Terandir's ghost (journeyman MiFi)
 29782 | D:14     | Found a flagged portal.
 29802 | Bailey   | Entered a bailey
 29897 | Bailey   | Found a burning altar of Makhleb.
 30119 | D:14     | Found a gate to the Vaults.
 30610 | D:15     | Entered Level 15 of the Dungeon
 31103 | D:15     | Identified 3 scrolls of acquirement
 31218 | D:15     | Reached XP level 17. HP: 117/133 MP: 33/33
 31881 | D:15     | Found a staircase to the Depths.
 32097 | Snake:1  | Entered Level 1 of the Snake Pit
 32694 | Snake:1  | Noticed Asterion
 32760 | Snake:1  | Noticed Aizul
 32784 | Snake:1  | Killed Aizul
 32917 | Snake:1  | Found Ugre's Jewellery Emporium.
 33051 | Snake:1  | Noticed Nikola
 33087 | Snake:1  | Killed from afar by Nikola

Skill      XL: |  1  2  3  4  5  6  7  8  9 10 11 12 13 14 15 16 17 |
---------------+----------------------------------------------------+-----
Spellcasting   | 5 6 7 8 9 10 11 12 | 12.2
Invocations    | 1 2 3 4 5 6 7 8 9 10 11 12 | 12.2
Short Blades   | 1 2 3 4 5 6 7 8 9 10 11 | 11.3
Long Blades    | 1 2 3 4 5 6 7 8 9 10 11 | 11.3
Axes           | 1 2 3 4 5 6 7 8 9 10 11 | 11.3
Maces & Flails | 1 2 3 4 5 6 7 8 9 10 11 | 11.3
Staves         | 1 2 3 4 5 6 7 8 9 10 11 | 11.3
Slings         | 1 2 3 4 5 6 7 8 9 10 11 | 11.3
Bows           | 1 2 3 4 5 6 7 8 9 10 11 | 11.3
Crossbows      | 1 2 3 4 5 6 7 8 9 10 11 | 11.3
Throwing       | 1 2 3 4 5 6 7 8 9 10 11 | 11.3
Stealth        | 1 2 3 4 5 6 7 8 9 10 11 | 11.3
Shields        | 1 2 3 4 5 6 7 8 9 10 11 | 11.3
Unarmed Combat | 1 2 3 4 5 6 7 8 9 10 11 | 11.3
Evocations     | 1 2 3 4 5 6 7 8 9 10 11 | 11.3
Conjurations   | 1 2 3 4 5 6 7 8 9 |  9.6
Hexes          | 1 2 3 4 5 6 7 8 9 |  9.6
Summonings     | 1 2 3 4 5 6 7 8 9 |  9.6
Necromancy     | 1 2 3 4 5 6 7 8 9 |  9.6
Translocations | 1 2 3 4 5 6 7 8 9 |  9.6
Transmutations | 1 2 3 4 5 6 7 8 9 |  9.6
Fire Magic     | 1 2 3 4 5 6 7 8 9 |  9.6
Ice Magic      | 1 2 3 4 5 6 7 8 9 |  9.6
Air Magic      | 1 2 3 4 5 6 7 8 9 |  9.6
Earth Magic    | 1 2 3 4 5 6 7 8 9 |  9.6
Poison Magic   | 1 2 3 4 5 6 7 8 9 |  9.6
Armour         | 3 4 5 6 7 8 9 10 11 | 11.5
Fighting       | 5 6 7 8 9 10 11 12 | 12.1
Polearms       | 5 6 7 8 9 10 11 12 | 12.1
Dodging        | 5 6 7 8 9 10 11 12 | 12.1
Charms         | 6 7 8 9 10 11 | 11.0

Action                   |  1- 3 |  4- 6 |  7- 9 | 10-12 | 13-15 | 16-18 || total
-------------------------+-------+-------+-------+-------+-------+-------++-------
Melee: Spear             |   114 |    44 |       |       |       |       ||   158
       Bite              |     6 |    11 |    28 |    77 |   157 |    76 ||   355
       Trident           |       |   113 |   294 |   795 |  1185 |   592 ||  2979
       Punch             |       |       |     4 |    25 |       |       ||    29
Throw: Stone             |       |       |       |     5 |     9 |     3 ||    17
 Cast: Infusion          |     4 |     4 |     3 |     6 |       |       ||    17
       Regeneration      |     3 |     2 |     8 |    16 |    13 |     3 ||    45
       Spectral Weapon   |       |    11 |    30 |    72 |    98 |    40 ||   251
       Shroud of Golubri |       |       |     6 |    12 |    18 |     4 ||    40
       Song of Slaying   |       |       |     1 |     1 |     4 |       ||     6
       Confusing Touch   |       |       |       |     2 |     1 |     1 ||     4
       Passage of Golubr |       |       |       |       |       |     9 ||     9
Invok: Call Merchant     |       |       |       |     1 |       |     3 ||     4
Evoke: Wand              |       |       |       |     5 |     7 |     5 ||    17
       Sack of spiders   |       |       |       |       |     1 |       ||     1
  Use: Scroll            |       |     4 |     9 |     7 |    25 |     8 ||    53
       Potion            |       |       |     2 |     3 |     1 |     1 ||     7
 Stab: Distracted        |     1 |       |     3 |     9 |    28 |    16 ||    57
       Sleeping          |       |     3 |     2 |    13 |    20 |    20 ||    58
       Confused          |       |       |       |     2 |     1 |     1 ||     4
  Eat: Chunk             |       |     7 |    14 |     1 |       |       ||    22
       Ration            |       |       |     1 |    11 |    10 |     5 ||    27
Armor: Leather armour    |    11 |     8 |       |       |       |       ||    19
       Ring mail         |       |    32 |    86 |    89 |       |       ||   207
       Scale mail        |       |       |       |   178 |   322 |   147 ||   647
Dodge: Dodged            |    60 |    96 |   184 |   532 |   585 |   249 ||  1706
Block: Buckler           |       |       |       |    11 |   252 |   162 ||   425
       Reflection        |       |       |       |       |       |    30 ||    30
